 Dungeon Crawl Stone Soup version 0.30-a0-728-gc68057be0a (webtiles) character file.

Game seed: 16382348703695396598

48 browni3141 the Poker (level 3, -4/19 HPs)
             Began as a Vine Stalker Fighter on Jan 31, 2023.
             Slain by a hobgoblin (5 damage)
             ... led by Robin
             ... on level 2 of the Dungeon.
             The game lasted 00:01:48 (941 turns).

browni3141 the Poker (Vine Stalker Fighter)          Turns: 941, Time: 00:01:49

Health: -4/19      AC:  6    Str: 20    XL:     3   Next: 72%
Magic:  0/4        EV:  9    Int:  8    God:
Gold:   61         SH:  4    Dex: 13    Spells: 2/2 levels left

rFire   . . .      SeeInvis .    i - +0 spear
rCold   . . .      Faith    .    c - +0 buckler
rNeg    . . .      Spirit   +    b - +0 scale mail
rPois   .          Reflect  .    (no helmet)
rElec   .          Harm     .    (no cloak)
rCorr   .          Rampage  .    (no gloves)
Will    .....                    (no boots) Stlth
                                 (no amulet)
HPRegen 0.23/turn                (no ring)
MPRegen 0.09/turn                (no ring)

@: mighty
A: fangs 2, magic shield, antimagic bite, no potion heal 2
a: no special abilities


You were on level 2 of the Dungeon.
You visited 1 branch of the dungeon, and saw 2 of its levels.

You collected 61 gold pieces.

Inventory:

Hand Weapons
 a - a +0 trident
 i - a +0 spear (weapon)
Armour
 b - a +0 scale mail (worn)
 c - a +0 buckler (worn)
Scrolls
 f - a scroll of identify {unknown}
Potions
 e - a potion of flight {unknown}
 g - a potion of curing {unknown}
 h - 2 potions of mutation {unknown}


   Skills:
 - Level 2.6 Fighting
 + Level 3.6 Polearms
 - Level 2.4 Armour
 - Level 2.6 Shields


You had 2 spell levels left.
You didn't know any spells.
Your spell library contained the following spells:

 Spells                   Type           Power      Damage    Failure   Level
 Call Canine Familiar     Summ           0%         N/A       99%         3
 Portal Projectile        Hex/Tloc       0%         N/A       99%         3
 Animate Dead             Necr           0%         N/A       100%        4
 Leda's Liquefaction      Hex/Erth       0%         N/A       100%        4
 Alistair's Intoxication  Tmut/Pois      0%         N/A       100%        5
 Borgnjor's Vile Clutch   Necr/Erth      0%         N/A       100%        5
 Eringya's Noxious Bog    Tmut/Pois      0%         N/A       100%        6
 Haunt                    Necr/Summ      0%         N/A       100%        7
 Infestation              Necr           0%         N/A       100%        8


Dungeon Overview and Level Annotations

Branches:
Dungeon (2/15)

Altars:


Innate Abilities, Weirdness & Mutations

You have extremely sharp teeth.
When hurt, damage is shared between your health and your magic reserves.
Your bite disrupts and absorbs the magic of your enemies.
Potions cannot restore your health.


Message History

A goblin comes into view. It is wielding a +0 dagger.
You block the goblin's attack.
The goblin shouts!
You puncture the hobgoblin!
You kill the hobgoblin!
Robin roars a battlecry!
The goblin goes into a battle-frenzy!
The goblin unwields a +0 club.
The goblin wields a +0 sling.
The goblin shoots a sling bullet.
The sling bullet barely misses you.
The sling bullet hits the goblin.
The goblin dies!
You hit Robin.
Robin is lightly wounded.
Robin says, "Bow before me, strongest of all the hobgoblins!"
Robin hits you but does no damage.
The goblin shoots a sling bullet.
You block the sling bullet.
You puncture Robin!
Robin is severely wounded.
Robin closely misses you.
You hit Robin.
Robin is almost dead.
The goblin no longer looks unusually strong.
Robin roars a battlecry!
The goblin goes into a battle-frenzy!
You barely miss Robin.
Robin is almost dead.
Robin barely misses you.
You hit Robin.
You kill Robin!
The hobgoblin hits you but does no damage.
The goblin shoots a sling bullet.
The sling bullet hits you.
You barely miss the hobgoblin.
You bite the hobgoblin, but do no damage.
The hobgoblin hits you.
* * * LOW HITPOINT WARNING * * *
The goblin shoots a sling bullet.
The sling bullet hits you.
* * * LOW HITPOINT WARNING * * *
You barely miss the hobgoblin. Your bite misses the hobgoblin.
The hobgoblin hits you.
You die...

...... .. .....
..###..?### #........#
#.......# ###
####.......# #.. .#
#..........# #.# #.#
#..)..).###.# #.##
#)@)......#.# ...#
#gg).....#.#.####...
...g###.##.........#.#
.<.. #.##.##.#......#
... ........##.....#
.. .##########.#.#<# .
#g ......††# g
......[.# #...#....#


You could see a hobgoblin (strong) and 2 goblins.

Vanquished Creatures
  Robin (D:2)
  An adder (D:2)
  A dart slug (D:1)
  4 bats
  An endoplasm (D:1)
  5 goblins
  3 hobgoblins (D:2)
  3 kobolds (D:1)
  A quokka (D:1)
  2 frilled lizards (D:1)
  4 rats (D:1)
26 creatures vanquished.

Vanquished Creatures (others)
  A goblin (D:2)
  11 plants (D:2)
12 creatures vanquished.

Grand Total: 38 creatures vanquished

Notes
Turn   | Place    | Note
-------+----------+-------------------------------------------
     0 | D:1      | browni3141 the Vine Stalker Fighter began the quest for the
                  | Orb.
     0 | D:1      | Reached XP level 1. HP: 11/11 MP: 2/2
   107 | D:1      | Reached skill level 2 in Polearms
   310 | D:1      | Reached XP level 2. HP: 16/16 MP: 3/3
   833 | D:2      | Reached skill level 3 in Polearms
   833 | D:2      | Reached XP level 3. HP: 7/19 MP: 2/4
   920 | D:2      | Noticed Robin
   939 | D:2      | Killed Robin
   941 | D:2      | Slain by a hobgoblin

Illustrated notes

Levels and vault maps discovered:
D:1:      saegor_arrival_under_anarchy, layout_loops_cross,
          wander_ebering_terrifying_dragon_lair
D:2:      layout_loops_cross, serial_shops, shop, minmay_strange_pillars,
          st_stairs_14, kennysheep_boxes, uniq_robin

Skill      XL: |  1  2 |
---------------+-------+-----
Polearms       | 2 3 |  3.6
Fighting       | |  2.6
Armour         | |  2.4
Shields        | |  2.6

Action                     || total
---------------------------++-------
  Melee: Trident           ||    34
         Bite              ||    10
         Spear             ||    45
    Use: Potion            ||     1
 Armour: Scale mail        ||    55
  Dodge: Dodged            ||    36
  Block: Buckler           ||    23

Table legend: (Time is in decaauts)
 A = Elapsed time spent in this place.
 B = Non-inter-level travel time spent in this place.
 C = Inter-level travel time spent in this place.
 D = Time resting spent in this place.
 E = Time spent auto-exploring this place.
 F = Levels seen in this place.
 G = Mean time per level.
                   A        B        C        D        E       F      G
               +--------+--------+--------+--------+--------+-----+--------+
         Total |    949 |    900 |     49 |     64 |    671 |   2 |  474.5 |
       Dungeon |    949 |    900 |     49 |     64 |    671 |   2 |  474.5 |
               +--------+--------+--------+--------+--------+-----+--------+

Top non-repeatable levels by time:
     D:1: 889 daAuts
     D:2: 60 daAuts
